Map: Romanticide LE

Players

Wushu

  • Race: Zerg Zerg
  • League: Platinum

JohnBrown - Winner!

  • Race: Terran Terran
  • League: Diamond

VOD

Have the link to the VOD?

Description

Time

  • Played on: July 13, 2021, 1:01 p.m.
  • Length: 11:41
Show
View Real Time Build Order
Export as new Build Order

Wushu Zerg 

Build Orders: Hatch First, Muta Ling Bane 

Get SALT Encoding   

  12  0:00  Drone  
  13  0:13  Overlord  
  13  0:17  Drone  
  14  0:31  Drone x2  
  14  0:35  Drone  
  17  0:52  Hatchery  
  17  0:56  Drone  
  17  0:59  Extractor  
  17  1:01  Drone  
  17  1:07  Drone  
  18  1:18  Drone  
  19  1:22  Spawning Pool  
  18  1:29  Drone  
  19  1:40  Drone  
  20  1:51  Drone  
  21  2:08  Hatchery  
  21  2:09  Metabolic Boost  
  21  2:10  Queen  
  22  2:18  Queen  
  24  2:23  Drone  
  24  2:25  Drone  
  26  2:32  Baneling Nest  
  26  2:34  Drone  
  26  2:36  Drone  
  27  2:41  Drone  
  28  2:45  Overlord  
  28  2:56  Extractor  
  27  2:59  Drone  
  27  3:03  Queen  
  30  3:07  Lair  
  30  3:09  Drone  
  31  3:15  Drone x2  
  33  3:21  Drone x2  
  33  3:22  Drone  
  36  3:32  Drone x3  
  39  3:37  Overlord  
  39  3:38  Drone x2  
  41  3:44  Overlord  
  41  3:51  Extractor  
  41  3:53  Overlord  
  40  3:57  Drone x2  
  42  4:07  Drone x2  
  42  4:08  Extractor, Drone  
  45  4:10  Drone x3  
  47  4:24  Roach Warren  
  46  4:31  Zergling x2  
  46  4:32  Zergling x14  
  54  4:39  Pneumatized Carapace, Overseer  
  54  4:41  Drone  
  54  4:42  Drone x2  
  57  4:47  Overlord  
  57  4:50  Overlord  
  57  4:52  Overlord  
  57  5:08  Drone x4  
  57  5:09  Drone x6  
  67  5:14  Glial Reconstitution  
  67  5:33  Hydralisk Den  
  66  5:36  Evolution Chamber  
  66  5:37  Roach x5  
  66  5:38  Evolution Chamber  
  74  5:43  Spire  
  74  5:47  Drone x2  
  74  5:48  Centrifical Hooks  
  75  5:52  Extractor  
  75  5:53  Extractor, Drone x3  
  75  5:56  Drone  
  75  5:57  Drone x2  
  79  6:04  Zerg Ground Armor Level 1  
  79  6:05  Zerg Missile Weapons Level 1  
  79  6:07  Overlord  
  74  6:20  Hydralisk x3  
  74  6:22  Overlord  
  74  6:23  Overlord  
  80  6:28  Hydralisk x3  
  83  6:48  Zergling x26  
  96  7:00  Muscular Augments  
  96  7:07  Hatchery  
  95  7:10  Baneling  
  95  7:11  Baneling x12  
  95  7:30  Roach x5  
  95  7:32  Overlord x2  
  105  7:59  Ravager x4  
  105  8:00  Ravager  
  105  8:03  Corruptor x2  
  105  8:04  Corruptor x3  
  120  8:11  Grooved Spines  
  120  8:13  Drone x2  
  120  8:14  Overlord x3  
  120  8:17  Zerg Missile Weapons Level 2  
  120  8:18  Zerg Ground Armor Level 2  
  122  8:28  Hydralisk x3  
  122  8:32  Overlord  
  128  8:45  Mutalisk x5  
  138  8:55  Extractor, Queen  
  138  8:57  Extractor  
  138  9:00  Drone x2  
  138  9:01  Drone x3  
  138  9:02  Drone  
  144  9:06  Zerg Flyer Weapons Level 1  
  139  9:19  Overseer  
  139  9:21  Corruptor x3  
  145  9:32  Baneling x3  
  145  9:33  Baneling  
  145  9:38  Corruptor x3  
  110  10:01  Roach  
  110  10:02  Roach x7  
  110  10:05  Zergling x2  
  110  10:06  Zergling x6  
  126  10:21  Zergling x10  
  101  10:29  Hydralisk x2  
  101  10:30  Hydralisk  
  88  10:36  Roach  
  88  10:37  Roach x4  
  82  10:55  Hydralisk x3, Zergling x4  
  85  11:04  Hydralisk x2  
  78  11:10  Zergling x6  
  78  11:11  Zergling x2  
Show
View Real Time Build Order
Export as new Build Order

JohnBrown Terran - Winner!

Build Orders: Command Center First (CC) 

Get SALT Encoding   

  12  0:03  SCV  
  13  0:16  SCV  
  14  0:24  Supply Depot  
  14  0:28  SCV  
  15  0:46  SCV  
  16  0:58  SCV  
  16  1:03  Command Center  
  17  1:10  SCV  
  18  1:18  Barracks  
  18  1:22  SCV  
  19  1:37  Barracks  
  19  1:41  SCV  
  19  1:43  Refinery  
  20  1:54  SCV  
  21  2:06  SCV  
  22  2:09  Marine  
  23  2:19  Bunker  
  23  2:20  Orbital Command  
  23  2:23  Orbital Command  
  23  2:29  Marine  
  24  2:31  Marine  
  25  2:46  SCV  
  26  2:59  Factory  
  26  3:00  SCV  
  26  3:01  SCV  
  26  3:05  Marine x2  
  30  3:13  SCV x2  
  30  3:15  Supply Depot  
  32  3:23  Command Center  
  32  3:26  SCV  
  33  3:42  Marine x2  
  35  3:50  SCV x2  
  35  3:53  Factory Tech Lab  
  37  4:02  SCV  
  38  4:06  Barracks Tech Lab  
  38  4:09  Barracks Reactor  
  38  4:12  SCV  
  38  4:14  SCV  
  40  4:24  SCV  
  40  4:26  Marauder, SCV  
  44  4:32  Siege Tank  
  44  4:35  Supply Depot  
  44  4:36  SCV  
  48  4:38  SCV  
  48  4:43  Refinery  
  48  4:44  Refinery  
  48  4:45  Refinery  
  48  4:47  Orbital Command  
  48  4:49  Marine x2, SCV  
  48  4:50  Marine, SCV  
  53  4:59  Supply Depot  
  53  5:01  SCV  
  53  5:05  Siege Tank  
  53  5:06  Engineering Bay  
  57  5:08  Engineering Bay  
  57  5:18  Marine x2  
  57  5:19  Marauder  
  57  5:20  Orbital Command  
  61  5:21  Supply Depot  
  61  5:39  SCV x2  
  61  5:41  Siege Tank, Marauder  
  68  5:44  Supply Depot  
  68  5:51  Starport, SCV  
  69  5:58  Barracks, Marine x2  
  69  6:00  Barracks  
  69  6:02  Marauder  
  73  6:07  Supply Depot  
  73  6:12  SCV x3  
  73  6:15  Marine  
  73  6:16  Marine  
  77  6:19  Siege Tank  
  77  6:24  Stimpack, SCV  
  81  6:30  Supply Depot  
  81  6:32  Starport Reactor  
  81  6:33  Marine  
  81  6:34  Marine  
  81  6:36  SCV  
  81  6:37  SCV  
  84  6:45  Marine  
  85  6:49  Barracks Reactor, SCV  
  85  6:50  Barracks Tech Lab  
  85  6:51  Marine x2  
  88  6:57  Supply Depot, Terran Infantry Weapons Level 1, Terran Infantry Armor Level 1  
  88  6:58  Siege Tank  
  91  7:02  Marine  
  91  7:04  SCV x2  
  91  7:06  SCV  
  95  7:09  Marine  
  96  7:16  SCV  
  96  7:18  Marauder  
  96  7:19  Marine  
  96  7:20  Supply Depot  
  96  7:21  Marauder  
  102  7:24  Combat Shield  
  102  7:25  Medivac  
  102  7:26  Medivac  
  102  7:27  Marine  
  107  7:36  Marine  
  108  7:40  Marauder  
  108  7:43  Supply Depot  
  110  7:45  Marine x2  
  110  7:46  Marine x2  
  114  7:54  Barracks  
  114  7:56  Barracks  
  114  8:00  Medivac x2  
  114  8:01  Marauder  
  114  8:03  Concussive Shells  
  114  8:05  Marauder  
  122  8:09  Marine  
  122  8:10  Marine x3  
  126  8:21  Supply Depot  
  126  8:22  SCV  
  126  8:23  Refinery, Marauder, SCV x2  
  126  8:26  Marauder  
  133  8:27  Siege Tank, Marine x2  
  133  8:30  Medivac x2  
  141  8:34  SCV  
  140  8:44  Supply Depot, Marine  
  140  8:45  Marine x3  
  145  8:48  Barracks Reactor  
  145  8:50  Barracks Tech Lab  
  144  9:02  Armory  
  142  9:26  Marine x2  
  142  9:27  Marine x7  
  142  9:30  Medivac x2  
  155  9:31  Siege Tank  
  158  9:45  Supply Depot, Marauder x3  
  133  10:06  Marauder  
  135  10:09  Supply Depot  
  122  10:22  Marine  
  122  10:23  Marine x7  
  122  10:27  Marine  
  125  10:32  Supply Depot  
  125  10:37  Medivac x2  
  125  10:40  Marine x3  
  125  10:41  Marauder x2  
  129  10:46  Marauder  
  124  11:03  Marauder x2  
  118  11:07  Medivac x2, Marauder  
  115  11:14  Marine x6  
Tags
 
Add a new tag
Caveats
  • Supply blocks, unpowered buildings, or Contaminate may cause inaccurate times.
  • Supply counts are checked every 10 seconds.